 Dungeon Sprint DCSS version 0.19-a0-406-ge21436e (webtiles) character file.

742 Groucho the Fighter (level 7, -2/75 HPs)
             Began as a Minotaur Fighter on May 31, 2016.
             Was a Follower of Uskayaw.
             Slain by a yak (10 damage)
             ... in the Dungeon (Sprint IX: "|||||||||||||||||||||||||||||").
             The game lasted 00:03:09 (509 turns).

Groucho the Fighter (Minotaur Fighter)               Turns: 509, Time: 00:03:10

Health: -2/75      AC: 12    Str: 23    XL:     7   Next: 47%
Magic:  10/10      EV:  8    Int:  8    God:    Uskayaw [*.....]
Gold:   0          SH: 10    Dex:  9    Spells: 0 memorised, 6 levels left

rFire  . . .     SeeInvis .     a - +0 trident
rCold  . . .     Gourm    .     q - +1 chain mail
rNeg   . . .     Faith    .     c - +0 shield
rPois  .         Spirit   .     (helmet restricted)
rElec  .         Dismiss  .     (no cloak)
rCorr  .         Reflect  .     p - +0 pair of gloves
SustAt .         Harm     .     (no boots)
MR     .....     NoTele   +     (no amulet)
Stlth  ..........               r - +3 ring of intelligence
                                b - +2 ring of evasion

@: very slightly contaminated, starving, slowed, very slow, not resistant to
hostile enchantments, extremely unstealthy
A: retaliatory headbutt, horns 2
a: Stomp, Renounce Religion


You were in the Dungeon.
You worshipped Uskayaw.
Uskayaw was aware of your devotion.
You were starving.

You visited 1 branch

Inventory:

Hand Weapons
 a - a +0 trident (weapon)
Armour
 c - a +0 shield (worn)
 p - a +0 pair of gloves (worn)
 q - a +1 chain mail (worn)
Jewellery
 b - a +2 ring of evasion (left hand)
 r - a +3 ring of intelligence (right hand)
Wands
 o - a wand of acid (7/15)
Scrolls
 k - a scroll of blinking
 m - 3 scrolls of remove curse
 n - 2 scrolls of amnesia
Potions
 d - a potion of might
 e - 3 potions of curing
 g - 2 potions of heal wounds
 i - 4 potions of magic
 j - a potion of berserk rage


   Skills:
 - Level 11.9 Fighting
 - Level 11.6 Polearms
 - Level 7.2 Armour
 - Level 7.1 Shields
 * Level 5.4 Invocations


You had 6 spell levels left.
You didn't know any spells.

Dungeon Overview and Level Annotations

Branches:
Dungeon (1/1)

Altars:
Cheibriados
Dithmenos
Elyvilon
Fedhas
Gozag
Hepliaklqana
Kikubaaqudgha
Makhleb
Nemelex Xobeh
Okawaru
Pakellas
Qazlal
Ru
Sif Muna
Trog
Uskayaw
Vehumet
Xom
Yredelemnul
Zin
The Shining One
Beogh
Jiyva
Lugonu


Innate Abilities, Weirdness & Mutations

You reflexively headbutt those who attack you in melee.
You have a pair of horns on your head.


Message History

You block the gnoll sergeant's attack. The yak gores you but does no damage.
The gnoll sergeant hits you but does no damage.
You open the door. The yak gores you. You block the gnoll sergeant's attack.
The yak gores you!
* * * LOW HITPOINT WARNING * * *
You can no longer pass through a line of other dancers.
There is an open door here.
You block the yak's attack. The yak closely misses you.
You block the yak's attack. The yak gores you.
* * * LOW HITPOINT WARNING * * *
The yak gores you.
* * * LOW HITPOINT WARNING * * *
The yak barely misses you.
The gnoll sergeant hits you from afar with a spear.
* * * LOW HITPOINT WARNING * * *
The yak gores you but does no damage. The yak gores you!
You die...

▓.▓.▓
▓h▓.▓
▓.▓'▓
▓T▓.▓
▓H▓.▓
▓.▓.▓
▓g▓.▓
▓Y▓.▓
▓@▓.▓
▓.▓÷▓
▓.▓.▓
▓.▓.▓
▓.▓[▓
▓.▓.▓
▓.▓[▓
▓.▓)▓
▓|▓


You could see a yak, a hippogriff, a troll, a black bear and a gnoll sergeant.

Vanquished Creatures
  A troll (D)
  A wraith (D)
  A hungry ghost (D)
  A wasp (D)
  A giant frog (D)
  A crimson imp (D)
  A worker ant (D)
  An adder (D)
  A giant gecko (D)
  An orc (D)
  2 bats (D)
  A bat zombie (D)
  2 hobgoblins (D)
  A kobold (D)
  A quokka skeleton (D)
17 creatures vanquished.

Notes
Turn   | Place    | Note
--------------------------------------------------------------
     0 | D        | Groucho the Minotaur Fighter began the quest for the Orb.
     0 | D        | Reached XP level 1. HP: 19/19 MP: 0/0
    15 | D        | Noticed a crimson imp
    25 | D        | Reached skill level 5 in Armour
    25 | D        | Reached skill level 5 in Shields
    25 | D        | Reached XP level 2. HP: 26/26 MP: 1/1
    33 | D        | Killed a crimson imp
    33 | D        | Reached XP level 3. HP: 31/31 MP: 2/2
    39 | D        | Found a glowing silver altar of Zin.
    39 | D        | Found a glowing golden altar of the Shining One.
    39 | D        | Found an ancient bone altar of Kikubaaqudgha.
    39 | D        | Found a basalt altar of Yredelemnul.
    39 | D        | Found a shimmering altar of Xom.
    39 | D        | Found a radiant altar of Vehumet.
    40 | D        | Found an iron altar of Okawaru.
    41 | D        | Found a burning altar of Makhleb.
    42 | D        | Found a deep blue altar of Sif Muna.
    43 | D        | Found a bloodstained altar of Trog.
    44 | D        | Found a sparkling altar of Nemelex Xobeh.
    45 | D        | Found a white marble altar of Elyvilon.
    46 | D        | Found a roughly hewn altar of Beogh.
    47 | D        | Found a viscous altar of Jiyva.
    48 | D        | Found a corrupted altar of Lugonu.
    49 | D        | Found a blossoming altar of Fedhas.
    50 | D        | Found a snail-covered altar of Cheibriados.
    51 | D        | Found a shadowy altar of Dithmenos.
    52 | D        | Found a stormy altar of Qazlal.
    53 | D        | Found an opulent altar of Gozag.
    54 | D        | Found a sacrificial altar of Ru.
    55 | D        | Found an oddly glowing altar of Pakellas.
    56 | D        | Found a hide-covered altar of Uskayaw.
    57 | D        | Found a hazy altar of Hepliaklqana.
    66 | D        | Became a worshipper of Uskayaw the Reveler
   105 | D        | Noticed a troll
   105 | D        | Noticed a wasp
   105 | D        | Noticed a giant frog
   105 | D        | Noticed a hungry ghost
   126 | D        | Reached * piety under Uskayaw
   133 | D        | Killed a hungry ghost
   133 | D        | Reached XP level 4. HP: 48/48 MP: 3/3
   133 | D        | Reached XP level 5. HP: 53/53 MP: 4/4
   139 | D        | Reached XP level 6. HP: 64/64 MP: 5/5
   139 | D        | Reached ** piety under Uskayaw
   143 | D        | Reached *** piety under Uskayaw
   158 | D        | Reached skill level 10 in Fighting
   158 | D        | Reached skill level 10 in Polearms
   161 | D        | Reached **** piety under Uskayaw
   166 | D        | Killed a troll
   166 | D        | Reached XP level 7. HP: 12/75 MP: 6/6
   166 | D        | Reached ***** piety under Uskayaw
   464 | D        | Noticed a yak
   464 | D        | Noticed a hippogriff
   464 | D        | Noticed a troll
   464 | D        | Noticed a wraith
   484 | D        | Killed a wraith
   484 | D        | Reached skill level 5 in Invocations
   487 | D        | HP: 3/75 [troll (6)]
   509 | D        | Slain by a yak

Vault maps used:
D:        linesprint

Skill      XL: |  1  2  3  4  5  6  7 |
---------------+----------------------+-----
Armour         | 5 7 |  7.2
Shields        | 5 7 |  7.1
Fighting       | 8 9 11 | 11.9
Polearms       | 7 9 11 | 11.6
Invocations    | 5 |  5.4

Action                   |  1- 3 |  4- 6 |  7- 9 || total
-------------------------+-------+-------+-------++-------
Melee: Trident           |    47 |    33 |    21 ||   101
       Headbutt          |     8 |     4 |     1 ||    13
  Use: Potion            |     1 |       |     4 ||     5
       Scroll            |       |       |     1 ||     1
 Stab: Paralysed         |       |     1 |       ||     1
  Eat: Bread ration      |     1 |       |       ||     1
Armor: Scale mail        |     6 |       |       ||     6
       Chain mail        |     9 |    10 |     6 ||    25
Dodge: Dodged            |    10 |     9 |     7 ||    26
Block: Shield            |    21 |    14 |    24 ||    59
